 Adventure DCSS version bcrawl-1.18.1 (webtiles) character file.

Game seed: 17684132466338247383

131 Leeroy the Slasher (level 4, -4/28 HPs)
             Began as a Skeleton Reaver on Nov 10, 2019.
             Was a Believer of Vehumet.
             Slain by an ogre
             ... wielding a +0 giant club
              (19 damage)
             ... on level 3 of the Dungeon.
             The game lasted 00:10:40 (3694 turns).

Leeroy the Slasher (Skeleton Reaver)                Turns: 3694, Time: 00:10:41

Health: -4/28      AC:  6    Str: 17    XL:     4   Next: 91%
Magic:  0/8        EV: 13    Int: 14    God:    Vehumet [**....]
Gold:   162        SH:  0    Dex:  7    Spells: 7/9 levels left
                                        Lives:  0   Deaths: 2

rFire    . . .     SeeInvis .   a - +0 long sword
rCold    + . .     Gourm    .   (no shield)
rNeg     + + +     Faith    .   b - +0 steam dragon scales
rPois    ∞         Spirit   +   (no helmet)
rElec    .         Reflect  .   (no cloak)
rCorr    .         Harm     .   (no gloves)
MR       .....                  i - +0 pair of boots
Stlth    +.........             (no amulet)
HPRegen  0.09/turn              (no ring)
MPRegen  0.11/turn              (no ring)

@: no status effects
A: no food or potions, cold resistance 1, deterioration 1, negative energy
resistance 3, torment resistance, unbreathing, magic shield, sturdy frame 1,
spell healing
a: Renounce Religion


You were on level 3 of the Dungeon.
You worshipped Vehumet.
Vehumet was pleased with you.
You were not hungry.

You visited 1 branch of the dungeon, and saw 4 of its levels.

You collected 162 gold pieces.

Inventory:

Hand Weapons
 a - a +0 long sword (weapon)
 h - a +0 short sword
Missiles
 d - 198 sling bullets
 g - 701 stones (quivered)
Armour
 b - +0 steam dragon scales (worn)
 i - a +0 pair of boots (worn)
Scrolls
 c - 3 scrolls of immolation
 e - 2 scrolls of fog {unknown}
 f - 2 scrolls of identify {unknown}


   Skills:
 - Level 3.0 Fighting
 - Level 5.1 Long Blades
 + Level 5.1 Dodging
 - Level 3.0 Spellcasting
 + Level 1.7 Conjurations
 - Level 0.5 Air Magic


You had 7 spell levels left.
You knew the following spells:

 Your Spells              Type           Power        Failure   Level  Hunger
a - Shock                 Conj/Air       #....        4%          1    N/A
b - Magic Dart            Conj           #...         3%          1    N/A

Your spell library contained the following spells:

 Spells                   Type           Power        Failure   Level  Hunger
 Iskenderun's Battlesphe  Conj/Chrm      #.......     67%         5    N/A

Dungeon Overview and Level Annotations

Branches:
Dungeon (4/12)
 Temple: D:4-7

Altars:

Annotations:
D:1 Terence


Innate Abilities, Weirdness & Mutations

You do not eat or drink.
You are immune to poison.
Your flesh is cold resistant. (rC+)
Your body sometimes deteriorates upon taking damage.
You are immune to negative energy. (rN+++)
You are immune to unholy pain and torment.
You can survive without breathing.
When hurt, damage is shared between your health and your magic reserves.
Your movements are slightly less encumbered by armour. (ER -2)
Casting spells heals you.


Message History

The ogre hits you with a +0 giant club!!
Ouch! That really hurt!
The frilled lizard closely misses you.
There are monsters nearby!
You barely miss the frilled lizard.
The frilled lizard bites you but does no damage.
You hit the frilled lizard.
You kill the frilled lizard!
Vehumet accepts your kill.
There is a stone staircase leading up here.
Casting: Shock (safe; 4% risk of failure)
Confirm with . or Enter, or press ? or * to list all spells.
Aiming: Shock (safe; 4% risk of failure)
Press: ? - help, Shift-Dir - straight line, f - ogre
Aim: an ogre, wielding a +0 giant club (moderately wounded)
The zap hits the ogre.
The ogre is moderately wounded.
The ogre hits you with a +0 giant club!!
Ouch! That really hurt!
You die...

.. ..............###...# #.
#.......#.## #...# ###.##
#.#..##...## #...#
##....#######.#.#####..###...##
##......##.......# #..........
#..........##..### ###.....###
#.......#..##.##############<###
#.............#.O...............
##.....########@############.###
#..............# #.#..
#.......######### #...†
#.......# ###.. #.......# #..
##.....## #.. ##...## #.. ####
#.. ###


You could see an ogre.

Vanquished Creatures
  An ogre (D:2)
  A hound (D:1)
  An ooze (D:1)
  5 worms
  3 dart slugs
  7 leopard geckos
  An orc (D:2)
  5 giant cockroaches
  3 goblins
  5 hobgoblins
  7 jackals
  2 quokkas
  A ball python (D:1)
  6 bats
  5 frilled lizards
  7 kobolds
  5 rats (D:1)
65 creatures vanquished.

Notes
Turn   | Place    | Note
-------+----------+-------------------------------------------
     0 | D:1      | Leeroy the Skeleton Reaver began the quest for the Orb.
     0 | D:1      | Reached XP level 1. HP: 14/14 MP: 4/4
   146 | D:1      | Reached XP level 2. HP: 18/19 MP: 6/6
   995 | D:1      | Reached skill level 5 in Long Blades
  1066 | D:1      | Reached XP level 3. HP: 16/23 MP: 3/7
  1242 | D:1      | Reached * piety under Vehumet
  1242 | D:1      | Offered knowledge of Shock by Vehumet.
  1245 | D:1      | Learned a level 1 spell: Shock
  1385 | D:2      | Noticed Terence
  1656 | D:1      | Slain by a hound
  1657 | D:1      | Reached XP level 2. HP: 0/19 MP: 0/6
  1735 | D:1      | Reached XP level 3. HP: 22/23 MP: 4/7
  2241 | D:2      | Reached XP level 4. HP: 28/28 MP: 8/8
  2411 | D:2      | Offered knowledge of Magic Dart by Vehumet.
  2414 | D:2      | Learned a level 1 spell: Magic Dart
  2857 | D:3      | Reached ** piety under Vehumet
  3128 | D:3      | Reached skill level 1 in Conjurations
  3131 | D:3      | Noticed an ogre
  3320 | D:3      | Slain by an ogre
  3321 | D:3      | Reached XP level 3. HP: -2/23 MP: 0/7
  3360 | D:3      | Noticed an ogre
  3372 | D:2      | Killed an ogre
  3372 | D:2      | Reached skill level 5 in Dodging
  3372 | D:2      | Reached XP level 4. HP: 9/28 MP: 2/8
  3694 | D:3      | Slain by an ogre

Skill      XL: |  1  2  3  4 |
---------------+-------------+-----
Long Blades    | 4 5 |  5.1
Dodging        | 5 |  5.1
Conjurations   | 1 |  1.7
Fighting       | |  3.0
Spellcasting   | |  3.0
Air Magic      | |  0.5

Action                   |  1- 3 |  4- 6 || total
-------------------------+-------+-------++-------
Melee: Long sword        |   218 |    66 ||   284
 Cast: Shock             |    25 |     6 ||    31
       Magic Dart        |       |     2 ||     2
Armor: Steam dragon scal |    85 |    23 ||   108
Dodge: Dodged            |   210 |    51 ||   261
